 Dungeon Crawl Stone Soup version 0.20.1-1-g8b1a95d (webtiles) character file.

329 miragecloak the Cudgeler (level 6, -7/47 HPs)
             Began as a Formicid Abyssal Knight on July 5, 2017.
             Was a Believer of Lugonu.
             Shot with an arrow by a centaur (10 damage)
             ... on level 8 of the Dungeon.
             The game lasted 00:03:53 (3780 turns).

miragecloak the Cudgeler (Formicid Abyssal Knight)  Turns: 3780, Time: 00:03:54

Health: -7/47      AC:  4    Str: 19    XL:     6   Next: 80%
Magic:  7/7        EV: 11    Int: 11    God:    Lugonu [**....]
Gold:   94         SH:  0    Dex: 10    Spells: 5/5 levels left

rFire    . . .     SeeInvis +   a - +1 mace
rCold    . . .     Gourm    .   (no shield)
rNeg     . . .     Faith    .   p - +0 leather armour (curse)
rPois    .         Spirit   .   (helmet unavailable)
rElec    .         Reflect  .   (no cloak)
rCorr    .         Harm     .   d - +0 pair of gloves
MR       .....                  (no boots)
Stlth    +.........             (no amulet)
Regen    0.2/turn               (no ring)
MPRegen  0.1/turn               (no ring)

@: no status effects
A: permanent stasis, dig shafts and tunnels, four strong arms, antennae 3
a: Dig, Shaft Self, Depart the Abyss, Bend Space, Renounce Religion


You were on level 8 of the Dungeon.
You worshipped Lugonu.
Lugonu was pleased with you.
You were hungry.

You visited 1 branch of the dungeon, and saw 7 of its levels.
You visited the Abyss 1 time.

You collected 94 gold pieces.

Inventory:

Hand Weapons
 a - a +1 mace (weapon)
Armour
 d - a +0 pair of gloves (worn)
 p - a cursed +0 leather armour (worn)
Scrolls
 e - 5 scrolls of identify {unknown}
 f - a scroll of enchant weapon {unknown}
 g - 3 scrolls of teleportation {unknown}
 i - a scroll of recharging {unknown}
 j - 2 scrolls of remove curse {unknown}
 l - a scroll of immolation {unknown}
 r - a scroll of blinking {unknown}
 u - a scroll of enchant armour {unknown}
Potions
 h - 4 potions of brilliance {unknown}
 k - 2 potions of invisibility {unknown}
 n - a potion of mutation {unknown}
 o - a potion of might {unknown}
 q - a potion of heal wounds {unknown}
 s - a potion of curing {unknown}
Comestibles
 b - a chunk of flesh
 c - a bread ration
 m - a royal jelly
 t - a meat ration


   Skills:
 - Level 3.2 Fighting
 + Level 6.7 Maces & Flails
 - Level 2.1 Armour
 - Level 0.8 Dodging
 - Level 2.1 Invocations


You had 5 spell levels left.
You didn't know any spells.

Dungeon Overview and Level Annotations

Branches:
Dungeon (9/15)
 Temple: D:4-7         Lair: D:8-11         Orc: D:9-12

Altars:
The Shining One

Annotations:
D:3 Zachthehappycat's ghost, amateur SpEn


Innate Abilities, Weirdness & Mutations

You cannot be hasted, slowed, berserked, paralysed or teleported.
You can dig through walls and to a lower floor.
Your four strong arms can wield two-handed weapons with a shield.
You have a pair of large antennae on your head. (SInv)


Message History

You completely miss the phantom. The phantom hits you!
* * * LOW HITPOINT WARNING * * *
You hit the phantom.
The phantom is lightly damaged.
The phantom barely misses you.
The phantom blinks!
Found a stone staircase leading down.
The phantom blinks!
A centaur comes into view.
The centaur wields a runed shortbow.
The centaur shoots an arrow.
The arrow hits you.
* * * LOW HITPOINT WARNING * * *
The centaur shoots an arrow.
The arrow hits you.
* * * LOW HITPOINT WARNING * * *
Found an escape hatch in the floor.
You see here 2 arrows.
Are you sure you want to shaft yourself?
You are feeling hungry.
The centaur shoots an arrow.
The arrow hits you!
You die...

## #.## #######
#@## #..{{{{
##.#########.#####
##c............#
#.>...####>#...#
#.####.####?..#.##
..c####............
....
...........##.##
##.> .###.##.##.#
.## ##
........##.## #


You could see a centaur.

Vanquished Creatures
  A bullfrog (D:8)
  A howler monkey (D:6)
  3 hounds
  Jessica (D:2)
  A worker ant (D:4)
  A worker ant zombie (D:8)
  2 adders (D:2)
  An adder zombie (D:6)
  A worm (D:2)
  A dart slug (D:2)
  A ball python (D:1)
  3 giant cockroaches
  8 goblins
  6 hobgoblins
  5 jackals
  2 quokkas (D:2)
  13 bats
  2 frilled lizards (D:2)
  8 kobolds
  A quokka zombie (D:6)
  8 rats
70 creatures vanquished.

Notes
Turn   | Place    | Note
-------+----------+-------------------------------------------
     0 | Abyss:1  | miragecloak the Formicid Abyssal Knight began the quest for the Orb.
     0 | Abyss:1  | Reached XP level 1. HP: 18/18 MP: 2/2
    39 | Abyss:1  | Noticed a hellwing
    40 | D:1      | Escaped the Abyss
   151 | D:1      | Reached XP level 2. HP: 17/24 MP: 3/3
   246 | D:1      | Reached * piety under Lugonu
   368 | D:1      | Reached skill level 3 in Maces & Flails
   525 | D:1      | Reached XP level 3. HP: 18/29 MP: 4/4
  1355 | D:2      | Reached skill level 4 in Maces & Flails
  1355 | D:2      | Reached XP level 4. HP: 31/35 MP: 5/5
  1723 | D:2      | Noticed Jessica
  1727 | D:2      | Killed Jessica
  1755 | D:2      | Reached XP level 5. HP: 29/41 MP: 6/6
  2183 | D:3      | Reached ** piety under Lugonu
  2188 | D:3      | Noticed Zachthehappycat's ghost (amateur SpEn)
  2209 | D:3      | HP: 2/41 [Zachthehappycat's ghost/spray of energy (13)]
  2609 | D:4      | Reached skill level 5 in Maces & Flails
  3101 | D:4      | Found a glowing golden altar of the Shining One.
  3140 | D:3      | Reached XP level 6. HP: 6/47 MP: 7/7
  3147 | D:3      | You fall through a shaft for 3 floors!
  3418 | D:6      | Reached skill level 6 in Maces & Flails
  3506 | D:6      | Noticed an orc warrior
  3573 | D:6      | You fall through a shaft for 2 floors!
  3702 | D:8      | Noticed a phantom
  3741 | D:9      | Noticed a troll
  3741 | D:9      | Noticed a hippogriff
  3777 | D:8      | HP: 2/47 [centaur/arrow (2)]
  3780 | D:8      | Shot with an arrow by a centaur

Skill      XL: |  1  2  3  4  5  6 |
---------------+-------------------+-----
Maces & Flails | 3 4 5 6 |  6.7
Fighting       | |  3.2
Armour         | |  2.1
Dodging        | |  0.8
Invocations    | |  2.1

Action                   |  1- 3 |  4- 6 || total
-------------------------+-------+-------++-------
Melee: Mace              |   111 |   156 ||   267
Invok: Depart the Abyss  |     1 |       ||     1
 Abil: Shaft Self        |       |     3 ||     3
       Dig               |       |     1 ||     1
  Eat: Chunk             |       |    10 ||    10
Armor: Leather armour    |    43 |    57 ||   100
Dodge: Dodged            |    89 |   111 ||   200
